TOP OF THE 1ST |
San Diego (APP) Padres batting - Pitching for Missoula Osprey : RHP Alex Andrade
|
Pitching: RHP Alex Andrade
|
|
Batting: RHB Wally Cangro
|
0-0: Foul Ball, location: 2F 0-1: Swinging Strike 0-2: Foul Ball, location: 2F 0-2: Strikes out swinging
|
Batting: SHB Yutaro Takahashi
|
0-0: Called Strike 0-1: Called Strike 0-2: Ball 1-2: Foul Ball, location: 2F 1-2: Ball 2-2: Foul Ball, location: 2F 2-2: Ball 3-2: Base on Balls
|
Batting: RHB Antonio Lara
|
0-0: Called Strike 0-1: Ball 1-1: Called Strike Yutaro Takahashi steals 2nd base 1-2: Ball 2-2: Foul Ball, location: 2F 2-2: SINGLE (Line Drive, 8LS, EV 107.5 MPH) Yutaro Takahashi to third
|
Batting: RHB Freddie Brown
|
0-0: Ball 1-0: Ball 2-0: Called Strike 2-1: DOUBLE (Line Drive, 5D, EV 95.0 MPH) Yutaro Takahashi scores Antonio Lara to third Runner from 3rd tries for Home, throw by LF and OUT! 7-6-2 Freddie Brown to third
|
Batting: LHB Hugo MacBeth
|
0-0: Ball 1-0: Ball 2-0: Ball 3-0: Called Strike 3-1: Foul Ball, location: 2F 3-2: SINGLE (Line Drive, 56D, EV 99.4 MPH) Freddie Brown scores
|
Batting: LHB Sammy Roddenberry
|
0-0: Ball 1-0: Foul Ball, location: 2F 1-1: 2-RUN HOME RUN (Flyball, 9LD, EV 91.9 MPH), Distance : 331 ft
|
Batting: RHB Max Stillo
|
0-0: Ball 1-0: Ball 2-0: Called Strike 2-1: Fly out, F6 (Popup, P, EV 78.1 MPH)
|
Top of the 1st over - 4 runs, 4 hits, 0 errors, 0 left on base; San Diego (APP) 4 - Missoula 0 |
BOTTOM OF THE 1ST |
Missoula Osprey batting - Pitching for San Diego (APP) Padres : RHP Roger Watkins
|
Pitching: RHP Roger Watkins
|
|
Batting: RHB Ernesto Zamora
|
0-0: DOUBLE (Flyball, 89D, EV 107.5 MPH)
|
Batting: RHB Paul Schreiber
|
0-0: Ball 1-0: Ground out 5-3 (Groundball, 5S, EV 79.4 MPH)
|
Batting: SHB Evan Armagost
|
0-0: Ball 1-0: Ball 2-0: Fly out, F7 (Line Drive, 7S, EV 95.6 MPH)
|
Batting: SHB Blaine Peters
|
0-0: Called Strike 0-1: Ground out 4-3 (Groundball, 4, EV 99.4 MPH)
|
Bottom of the 1st over - 0 runs, 1 hit, 0 errors, 1 left on base; San Diego (APP) 4 - Missoula 0 |
TOP OF THE 2ND |
San Diego (APP) Padres batting - Pitching for Missoula Osprey : RHP Alex Andrade
|
Batting: LHB Phil Lerner
|
0-0: Foul Ball, location: 2F 0-1: Called Strike 0-2: Foul Ball, location: 2F 0-2: Ball 1-2: Strikes out swinging
|
Batting: RHB Brent Little
|
0-0: Ball 1-0: Ball 2-0: Foul Ball, location: 2F 2-1: Foul Ball, location: 2F 2-2: SINGLE (Groundball, 6D, EV 96.3 MPH)
|
Batting: RHB Wally Cangro
|
0-0: Foul Ball, location: 2F 0-1: Foul Ball, location: 2F 0-2: Strikes out swinging
|
Batting: SHB Yutaro Takahashi
|
0-0: Ball 1-0: Called Strike 1-1: SINGLE (Line Drive, 34D, EV 103.8 MPH) Brent Little to second
|
Batting: RHB Antonio Lara
|
0-0: Ground out 6-3 (Groundball, 56D, EV 101.9 MPH)
|
Top of the 2nd over - 0 runs, 2 hits, 0 errors, 2 left on base; San Diego (APP) 4 - Missoula 0 |
BOTTOM OF THE 2ND |
Missoula Osprey batting - Pitching for San Diego (APP) Padres : RHP Roger Watkins
|
Batting: LHB Enrique Ponce
|
0-0: Ball 1-0: Called Strike 1-1: Called Strike 1-2: Ball 2-2: Ball 3-2: Foul Ball, location: 2F 3-2: Ground out 1-3 (Groundball, 34S, EV 70.0 MPH)
|
Batting: RHB Antonio Luisa
|
0-0: Ball 1-0: Ground out 5-3 (Groundball, 56S, EV 86.3 MPH)
|
Batting: LHB Jeff Harmon
|
0-0: Called Strike 0-1: Foul Ball, location: 2F 0-2: Ball 1-2: Ball 2-2: Foul Ball, location: 2F 2-2: SOLO HOME RUN (Flyball, 9LD, EV 94.4 MPH), Distance : 332 ft
|
Batting: SHB Ed Vargas
|
0-0: Ball 1-0: SINGLE (Groundball, 34D, EV 109.4 MPH)
|
Batting: RHB Sergio Manzanero
|
0-0: Ball 1-0: Swinging Strike 1-1: Called Strike 1-2: Strikes out looking
|
Bottom of the 2nd over - 1 run, 2 hits, 0 errors, 1 left on base; San Diego (APP) 4 - Missoula 1 |
TOP OF THE 3RD |
San Diego (APP) Padres batting - Pitching for Missoula Osprey : RHP Alex Andrade
|
Batting: RHB Freddie Brown
|
0-0: SINGLE (Line Drive, 34D, EV 99.4 MPH)
|
Batting: LHB Hugo MacBeth
|
0-0: Called Strike Freddie Brown steals 2nd base 0-1: Ball 1-1: 2-RUN HOME RUN (Flyball, 89XD, EV 105.0 MPH), Distance : 427 ft
|
Pitching: RHP Alan Muth
|
|
Batting: LHB Sammy Roddenberry
|
0-0: Called Strike 0-1: Hit by Pitch
|
Batting: RHB Max Stillo
|
0-0: Called Strike Sammy Roddenberry steals 2nd base 0-1: Ball 1-1: Swinging Strike 1-2: Ball 2-2: Foul Ball, location: 2F 2-2: Strikes out swinging
|
Batting: LHB Phil Lerner
|
0-0: Ball 1-0: Called Strike Sammy Roddenberry steals 3rd base 1-1: Foul Ball, location: 2F 1-2: Strikes out looking
|
Batting: RHB Brent Little
|
0-0: Called Strike 0-1: Foul Ball, location: 2F 0-2: Strikes out swinging
|
Top of the 3rd over - 2 runs, 2 hits, 0 errors, 1 left on base; San Diego (APP) 6 - Missoula 1 |
BOTTOM OF THE 3RD |
Missoula Osprey batting - Pitching for San Diego (APP) Padres : RHP Roger Watkins
|
Batting: RHB Ernesto Zamora
|
0-0: Called Strike 0-1: Foul Ball, location: 2F 0-2: Ball 1-2: Fly out, F8 (Flyball, 8LXD, EV 83.1 MPH)
|
Batting: RHB Paul Schreiber
|
0-0: Ground out 3-1 (Groundball, 34, EV 88.1 MPH)
|
Batting: SHB Evan Armagost
|
0-0: Swinging Strike 0-1: Ball 1-1: Fly out, F7 (Flyball, 7D, EV 93.1 MPH)
|
Bottom of the 3rd over - 0 runs, 0 hits, 0 errors, 0 left on base; San Diego (APP) 6 - Missoula 1 |
TOP OF THE 4TH |
San Diego (APP) Padres batting - Pitching for Missoula Osprey : RHP Alan Muth
|
Batting: RHB Wally Cangro
|
0-0: Called Strike 0-1: Foul Ball, location: 2F 0-2: Ball 1-2: Foul Ball, location: 2F 1-2: Ball 2-2: Strikes out swinging
|
Batting: SHB Yutaro Takahashi
|
0-0: Ground out 3-1 (Groundball, 34, EV 89.4 MPH)
|
Batting: RHB Antonio Lara
|
0-0: Swinging Strike 0-1: Called Strike 0-2: Ball 1-2: Ball 2-2: Strikes out swinging
|
Top of the 4th over - 0 runs, 0 hits, 0 errors, 0 left on base; San Diego (APP) 6 - Missoula 1 |
BOTTOM OF THE 4TH |
Missoula Osprey batting - Pitching for San Diego (APP) Padres : RHP Roger Watkins
|
Batting: SHB Blaine Peters
|
0-0: Foul Ball, location: 2F 0-1: Swinging Strike 0-2: Reached on error, E4 (Groundball, 4, EV 84.4 MPH)
|
Batting: LHB Enrique Ponce
|
0-0: Ball Blaine Peters steals 2nd base 1-0: Called Strike 1-1: Foul Ball, location: 2F 1-2: Foul Ball, location: 2F 1-2: Foul Ball, location: 2F 1-2: Foul Ball, location: 2F 1-2: Reached on error, E3 (Groundball, 34, EV 104.4 MPH) Blaine Peters to third
|
Batting: RHB Antonio Luisa
|
0-0: Ball 1-0: Grounds into double play, 6-4-3 (Groundball, 6M, EV 105.0 MPH) Blaine Peters scores
|
Batting: LHB Jeff Harmon
|
0-0: Foul Ball, location: 2F 0-1: Ball 1-1: Ball 2-1: Ball 3-1: Foul Ball, location: 2F 3-2: Ground out 5-3 (Groundball, 5, EV 89.4 MPH)
|
Bottom of the 4th over - 1 run, 0 hits, 2 errors, 0 left on base; San Diego (APP) 6 - Missoula 2 |
TOP OF THE 5TH |
San Diego (APP) Padres batting - Pitching for Missoula Osprey : RHP Alan Muth
|
Batting: RHB Freddie Brown
|
0-0: Swinging Strike 0-1: Ball 1-1: Foul Ball, location: 2F 1-2: Ball 2-2: Ball 3-2: Base on Balls
|
Pitching: RHP John Petersen
|
|
Batting: LHB Hugo MacBeth
|
0-0: Ball 1-0: Foul Ball, location: 2F 1-1: Swinging Strike 1-2: Ball 2-2: Foul Ball, location: 2F 2-2: Foul Ball, location: 2F 2-2: Ball 3-2: SINGLE (Flyball, 34D, EV 91.9 MPH) Freddie Brown to second
|
Batting: LHB Sammy Roddenberry
|
0-0: Called Strike 0-1: Foul Ball, location: 2F 0-2: Foul Ball, location: 2F 0-2: Foul Ball, location: 2F 0-2: Strikes out looking
|
Batting: RHB Max Stillo
|
0-0: Ball 1-0: Called Strike 1-1: Swinging Strike 1-2: Ball 2-2: Foul Ball, location: 2F 2-2: Ball 3-2: Base on Balls Freddie Brown to third Hugo MacBeth to second
|
Batting: LHB Phil Lerner
|
0-0: Ball 1-0: Swinging Strike 1-1: Swinging Strike 1-2: Foul Ball, location: 2F 1-2: Strikes out looking
|
Batting: RHB Brent Little
|
0-0: Called Strike 0-1: Called Strike 0-2: Strikes out swinging
|
Top of the 5th over - 0 runs, 1 hit, 0 errors, 3 left on base; San Diego (APP) 6 - Missoula 2 |
BOTTOM OF THE 5TH |
Missoula Osprey batting - Pitching for San Diego (APP) Padres : RHP Roger Watkins
|
Batting: SHB Ed Vargas
|
0-0: DOUBLE (Line Drive, 78D, EV 103.1 MPH)
|
Batting: RHB Sergio Manzanero
|
0-0: Foul Ball, location: 2F 0-1: Swinging Strike 0-2: Ball 1-2: Strikes out swinging
|
Batting: RHB Ernesto Zamora
|
0-0: Ball Wild Pitch! Ed Vargas to third 1-0: Called Strike 1-1: Ground out 5-3 (Groundball, 56S, EV 68.8 MPH) Ed Vargas scores
|
Batting: RHB Paul Schreiber
|
0-0: Reached on error, E4 (Groundball, 4, EV 109.4 MPH)
|
Batting: SHB Evan Armagost
|
0-0: Called Strike 0-1: Ball 1-1: Called Strike 1-2: Foul Ball, location: 2F 1-2: Ball 2-2: Ball Passed Ball! Paul Schreiber to second 3-2: Fly out, F8 (Flyball, 8RS, EV 80.0 MPH)
|
Bottom of the 5th over - 1 run, 1 hit, 1 error, 1 left on base; San Diego (APP) 6 - Missoula 3 |
TOP OF THE 6TH |
San Diego (APP) Padres batting - Pitching for Missoula Osprey : RHP John Petersen
|
Pitching: RHP Jason Hammons
|
|
Batting: RHB Wally Cangro
|
0-0: Foul Ball, location: 2F 0-1: Called Strike 0-2: Foul Ball, location: 2F 0-2: Ball 1-2: Fly out, F9 (Flyball, 9D, EV 94.4 MPH)
|
Batting: SHB Yutaro Takahashi
|
0-0: Ball 1-0: Ball 2-0: Swinging Strike 2-1: Foul Ball, location: 2F 2-2: Ball 3-2: Foul Ball, location: 2F 3-2: Strikes out swinging
|
Batting: RHB Antonio Lara
|
0-0: Called Strike 0-1: Ball 1-1: Ball 2-1: Ball 3-1: DOUBLE (Flyball, 89XD, EV 105.0 MPH)
|
Batting: RHB Freddie Brown
|
0-0: Swinging Strike 0-1: DOUBLE (Line Drive, 89D, EV 100.0 MPH) Antonio Lara scores
|
Pitching: LHP Heath Henderson
|
|
Batting: LHB Hugo MacBeth
|
0-0: SINGLE (Line Drive, 7S, EV 97.5 MPH) Freddie Brown to third Runner from 3rd tries for Home, SAFE, throw by LF to home
|
Batting: LHB Sammy Roddenberry
|
0-0: SINGLE (Groundball, 34S, EV 65.6 MPH) (infield hit) Hugo MacBeth to second
|
Batting: RHB Max Stillo
|
0-0: Ball Wild Pitch! Hugo MacBeth to third Sammy Roddenberry to second 1-0: Ball Wild Pitch! Hugo MacBeth scores Sammy Roddenberry to third 2-0: Ball 3-0: Called Strike 3-1: Base on Balls
|
Batting: LHB Phil Lerner
|
0-0: Ball 1-0: Fly out, F8 (Flyball, 8LS, EV 93.8 MPH)
|
Top of the 6th over - 3 runs, 4 hits, 0 errors, 2 left on base; San Diego (APP) 9 - Missoula 3 |
BOTTOM OF THE 6TH |
Missoula Osprey batting - Pitching for San Diego (APP) Padres : RHP Roger Watkins
|
Batting: SHB Blaine Peters
|
0-0: Ball 1-0: Ball 2-0: Ground out 3-1 (Groundball, 34, EV 86.3 MPH)
|
Batting: LHB Enrique Ponce
|
0-0: Called Strike 0-1: Ball 1-1: Foul Ball, location: 2F 1-2: Strikes out swinging
|
Batting: RHB Antonio Luisa
|
0-0: Ground out 6-3 (Groundball, 6, EV 104.4 MPH)
|
Bottom of the 6th over - 0 runs, 0 hits, 0 errors, 0 left on base; San Diego (APP) 9 - Missoula 3 |
TOP OF THE 7TH |
San Diego (APP) Padres batting - Pitching for Missoula Osprey : LHP Heath Henderson
|
Batting: RHB Brent Little
|
0-0: Ball 1-0: Called Strike 1-1: Ball 2-1: Foul Ball, location: 2F 2-2: Ball 3-2: DOUBLE (Groundball, 3L, EV 105.0 MPH)
|
Batting: RHB Wally Cangro
|
0-0: Ball 1-0: 2-RUN HOME RUN (Flyball, 9D, EV 96.3 MPH), Distance : 366 ft
|
Pinch Hitting: RHB Tom Tate
|
0-0: Called Strike 0-1: Ball 1-1: Called Strike 1-2: Ball 2-2: Ball 3-2: Base on Balls
|
Pitching: RHP Rick Foster
|
|
Batting: RHB Antonio Lara
|
0-0: Ball 1-0: DOUBLE (Line Drive, 9LM, EV 91.9 MPH) Tom Tate to third Runner from 3rd tries for Home, SAFE, throw by RF to home
|
Pinch Hitting: LHB Ramon Padilla
|
0-0: 2-RUN HOME RUN (Flyball, 89XD, EV 100.0 MPH), Distance : 392 ft
|
Batting: LHB Hugo MacBeth
|
0-0: Ground out 6-3 (Groundball, 6M, EV 108.1 MPH)
|
Batting: LHB Sammy Roddenberry
|
0-0: Ball 1-0: Called Strike 1-1: Ball 2-1: SINGLE (Groundball, 6D, EV 96.3 MPH)
|
Batting: RHB Max Stillo
|
0-0: Called Strike 0-1: Foul Ball, location: 2F 0-2: Foul Ball, location: 2F 0-2: 2-RUN HOME RUN (Flyball, 78XD, EV 100.0 MPH), Distance : 417 ft
|
Pitching: RHP Matt Bailey
|
|
Batting: LHB Phil Lerner
|
0-0: Ball 1-0: Ball 2-0: SOLO HOME RUN (Flyball, 9D, EV 96.3 MPH), Distance : 353 ft
|
Batting: RHB Brent Little
|
0-0: Ball 1-0: Ball 2-0: Ball 3-0: Called Strike 3-1: Foul Ball, location: 2F 3-2: Foul Ball, location: 2F 3-2: Base on Balls
|
Batting: RHB Wally Cangro
|
0-0: Ball 1-0: Foul Ball, location: 2F 1-1: Swinging Strike 1-2: Foul Ball, location: 2F 1-2: Ball 2-2: Ball 3-2: DOUBLE (Line Drive, 89XD, EV 113.1 MPH) Brent Little to third
|
Batting: RHB Tom Tate
|
0-0: Called Strike 0-1: SINGLE (Groundball, 6MD, EV 99.4 MPH) Brent Little scores Wally Cangro to third
|
Batting: RHB Antonio Lara
|
0-0: Ball 1-0: SINGLE (Groundball, 4D, EV 100.0 MPH) Wally Cangro scores Tom Tate to second
|
Batting: LHB Ramon Padilla
|
0-0: SINGLE (Groundball, 4MD, EV 105.0 MPH) Tom Tate to third Antonio Lara to second Runner from 3rd tries for Home, throw by CF and OUT! 8-2
|
Batting: LHB Hugo MacBeth
|
0-0: DOUBLE (Line Drive, 89XD, EV 107.5 MPH) Antonio Lara scores Ramon Padilla to third Runner from 3rd tries for Home, SAFE, no throw by CF
|
Pitching: LHP Dillon Rizzuto
|
|
Batting: LHB Sammy Roddenberry
|
0-0: SINGLE (Line Drive, 56D, EV 98.8 MPH) Hugo MacBeth to third
|
Batting: RHB Max Stillo
|
0-0: Called Strike Pickoff Throw to First - Out! 1-3
|
Top of the 7th over - 12 runs, 13 hits, 0 errors, 1 left on base; San Diego (APP) 21 - Missoula 3 |
BOTTOM OF THE 7TH |
Missoula Osprey batting - Pitching for San Diego (APP) Padres : RHP Roger Watkins
|
Now at 1B: Tyler West
|
|
Now in RF: Tom Tate
|
|
Batting: LHB Jeff Harmon
|
0-0: Foul Ball, location: 2F 0-1: Foul Ball, location: 2F 0-2: Ball 1-2: Ball 2-2: Ball 3-2: Strikes out swinging
|
Pinch Hitting: RHB Edwin Romero
|
0-0: Swinging Strike 0-1: Foul Ball, location: 2F 0-2: Strikes out swinging
|
Batting: RHB Sergio Manzanero
|
0-0: Ball 1-0: Foul Ball, location: 2F 1-1: Swinging Strike 1-2: Foul Ball, location: 2F 1-2: Ball 2-2: Fly out, F4 (Flyball, 4D, EV 93.8 MPH)
|
Bottom of the 7th over - 0 runs, 0 hits, 0 errors, 0 left on base; San Diego (APP) 21 - Missoula 3 |
TOP OF THE 8TH |
San Diego (APP) Padres batting - Pitching for Missoula Osprey : LHP Dillon Rizzuto
|
Now at SS: Edwin Romero
|
|
Batting: RHB Max Stillo
|
0-0: Ball 1-0: Ball 2-0: Ball 3-0: Called Strike 3-1: Base on Balls
|
Batting: LHB Phil Lerner
|
0-0: Ball 1-0: Fielders Choice at 2nd, 6-4 (Groundball, 56, EV 83.1 MPH)
|
Batting: RHB Brent Little
|
0-0: Ball 1-0: Called Strike 1-1: Hit by Pitch Phil Lerner to second
|
Batting: RHB Wally Cangro
|
0-0: Foul Ball, location: 2F 0-1: Ball 1-1: Ball 2-1: Called Strike 2-2: Reached on error, E6 (Groundball, 6S, EV 88.1 MPH) Phil Lerner to third Brent Little to second
|
Batting: RHB Tom Tate
|
0-0: Called Strike 0-1: Called Strike 0-2: GRAND SLAM HOME RUN (Flyball, 89XD, EV 99.4 MPH), Distance : 394 ft
|
Batting: RHB Antonio Lara
|
0-0: Ball 1-0: Called Strike 1-1: Swinging Strike 1-2: Strikes out swinging
|
Batting: RHB Tyler West
|
0-0: Ball 1-0: SINGLE (Groundball, 4MD, EV 103.8 MPH)
|
Batting: LHB Hugo MacBeth
|
0-0: Fly out, F8 (Flyball, 89M, EV 78.1 MPH)
|
Top of the 8th over - 4 runs, 2 hits, 1 error, 1 left on base; San Diego (APP) 25 - Missoula 3 |
BOTTOM OF THE 8TH |
Missoula Osprey batting - Pitching for San Diego (APP) Padres : RHP Roger Watkins
|
Batting: RHB Ernesto Zamora
|
0-0: Ball 1-0: Ball 2-0: Ball 3-0: Called Strike 3-1: Foul Ball, location: 2F 3-2: Fly out, F5 (Popup, 5L, EV 80.0 MPH)
|
Pitching: LHP Kenny Cohn
|
|
Pinch Hitting: LHB Omar Marquez
|
0-0: Swinging Strike 0-1: Ball 1-1: Ball 2-1: Foul Ball, location: 2F 2-2: Ball 3-2: Foul Ball, location: 2F 3-2: Fly out, F4 (Popup, 23, EV 82.5 MPH)
|
Batting: SHB Evan Armagost
|
0-0: Called Strike 0-1: SINGLE (Groundball, 5S, EV 66.3 MPH) (infield hit)
|
Pinch Hitting: RHB Mike Eagerton
|
0-0: Ball 1-0: Foul Ball, location: 2F 1-1: Fly out, F9 (Line Drive, 9, EV 83.8 MPH)
|
Bottom of the 8th over - 0 runs, 1 hit, 0 errors, 1 left on base; San Diego (APP) 25 - Missoula 3 |
TOP OF THE 9TH |
San Diego (APP) Padres batting - Pitching for Missoula Osprey : LHP Dillon Rizzuto
|
Now in LF: Omar Marquez
|
|
Now in RF: Mike Eagerton
|
|
Batting: LHB Sammy Roddenberry
|
0-0: Ball 1-0: Foul Ball, location: 2F 1-1: Swinging Strike 1-2: Ground out 4-3 (Groundball, 4M, EV 107.5 MPH)
|
Batting: RHB Max Stillo
|
0-0: Called Strike 0-1: Ball 1-1: Swinging Strike 1-2: Ground out U3 (Groundball, 34, EV 89.4 MPH)
|
Batting: LHB Phil Lerner
|
0-0: Ball 1-0: Ball 2-0: Foul Ball, location: 2F 2-1: Ball 3-1: Base on Balls
|
Batting: RHB Brent Little
|
0-0: Swinging Strike 0-1: Ball 1-1: Foul Ball, location: 2F 1-2: Ball 2-2: Ball Wild Pitch! Phil Lerner to second 3-2: Foul Ball, location: 2F 3-2: Base on Balls
|
Batting: RHB Wally Cangro
|
0-0: SINGLE (Groundball, 56D, EV 94.4 MPH) Phil Lerner to third Brent Little to second
|
Batting: RHB Tom Tate
|
0-0: Ball 1-0: Ball 2-0: Foul Ball, location: 2F 2-1: Called Strike 2-2: Ball 3-2: Base on Balls Phil Lerner scores Brent Little to third Wally Cangro to second
|
Pitching: RHP Nate Spencer
|
|
Batting: RHB Antonio Lara
|
0-0: Called Strike 0-1: Swinging Strike 0-2: Foul Ball, location: 2F 0-2: Strikes out swinging
|
Top of the 9th over - 1 run, 1 hit, 0 errors, 3 left on base; San Diego (APP) 26 - Missoula 3 |
BOTTOM OF THE 9TH |
Missoula Osprey batting - Pitching for San Diego (APP) Padres : LHP Kenny Cohn
|
Batting: LHB Enrique Ponce
|
0-0: Ball 1-0: Ball 2-0: Called Strike 2-1: SINGLE (Flyball, 4D, EV 88.1 MPH) - OUT at second base trying to stretch hit.
|
Pinch Hitting: RHB Chad Mendoza
|
0-0: Ball 1-0: Called Strike 1-1: Ball 2-1: Ball 3-1: Ground out 5-3 (Groundball, 56S, EV 78.8 MPH)
|
Batting: LHB Jeff Harmon
|
0-0: Ball 1-0: Foul Ball, location: 2F 1-1: Ball 2-1: Ball 3-1: Base on Balls
|
Batting: RHB Edwin Romero
|
0-0: Foul Ball, location: 2F 0-1: Foul Ball, location: 2F 0-2: Ball 1-2: Foul Ball, location: 2F 1-2: Strikes out swinging
|
Bottom of the 9th over - 0 runs, 1 hit, 0 errors, 1 left on base; San Diego (APP) 26 - Missoula 3 |
|